 Dungeon Crawl Stone Soup version 0.29.1-1-gd02db6906a (webtiles) character file.

Game seed: 2150185994477447842

49 LustLizard the Firebug (level 3, 0/25 (27) HPs)
             Began as a Hill Orc Fire Elementalist on Sept 28, 2022.
             Slain by Crazy Yiuf
             ... wielding a +4 quarterstaff of chaos
              (1 damage)
             ... while paralysed by Crazy Yiuf
             ... on level 2 of the Dungeon.
             The game lasted 00:03:33 (1939 turns).

LustLizard the Firebug (Hill Orc Fire Elementalist) Turns: 1939, Time: 00:03:33

HP:   0/25 (27)     AC:  2    Str: 10    XL:     3   Next: 77%
MP:   5/5           EV:  2    Int: 17    God:
Gold: 72            SH:  0    Dex: 11    Spells: 4/5 levels left

rFire   . . .      SeeInvis .   k - +1 whip (elec)
rCold   . . .      Faith    .   (no shield)
rNeg    . . .      Spirit   .   a - +0 robe
rPois   .          Reflect  .   (no helmet)
rElec   .          Harm     .   (no cloak)
rCorr   .          Rampage  .   (no gloves)
Will    .....                   (no boots)
Stlth   ++........              (no amulet)
HPRegen 0.08/turn               (no ring)
MPRegen 0.09/turn               (no ring)

@: paralysed, drained
A: no striking features
a: no special abilities


You were on level 2 of the Dungeon.
You visited 1 branch of the dungeon, and saw 2 of its levels.

You collected 72 gold pieces.

Inventory:

Hand Weapons
 h - a +0 dagger
 k - a +1 whip of electrocution (weapon)
Armour
 a - a +0 robe (worn)
Scrolls
 c - a scroll of torment {unknown}
 d - a scroll of summoning {unknown}
 g - a scroll of enchant weapon {unknown}
 i - a scroll of fear {unknown}
 j - 3 scrolls of immolation {unknown}
 l - a scroll of teleportation {unknown}
 m - a scroll of silence {unknown}
 n - a scroll of identify {unknown}
Potions
 b - a potion of magic
 e - 3 potions of degeneration {unknown}
 f - a potion of heal wounds {unknown}


   Skills:
 + Level 0.9 Fighting
 - Level 1.5 Dodging
 * Level 2.1 Stealth
 + Level 1.8 Spellcasting
 * Level 2.1 Conjurations
 * Level 3.8 Fire Magic


You had 4 spell levels left.
You knew the following spells:

 Your Spells              Type           Power      Damage    Failure   Level
a - Foxfire               Conj/Fire      44%        2x1d6     6%          1

Your spell library contained the following spells:

 Spells                   Type           Power      Damage    Failure   Level
 Scorch                   Fire           28%        2d6       6%          2
 Conjure Flame            Conj/Fire      11%        6-21      17%         3
 Inner Flame              Hex/Fire       8%         N/A       26%         3
 Flame Wave               Conj/Fire      11%        2d6       50%         4


Dungeon Overview and Level Annotations

Branches:
Dungeon (2/15)

Altars:

Shops:
D:1 !

Annotations:
D:2 Crazy Yiuf, Sigmund


Message History

You start resting.
Magic restored.
A goblin comes into view. It is wielding a +0 club.
The goblin shouts!
Casting: Foxfire (safe; 6% risk of failure)
Confirm with . or Enter, or press ? or * to list all spells.
You conjure some foxfire!
The foxfire hits the goblin.
The goblin is heavily wounded.
The foxfire hits the goblin.
You kill the goblin!
HP restored.
A rat comes into view.
Things that are here:
a frilled lizard corpse; a hobgoblin corpse
Casting: Foxfire (safe; 6% risk of failure)
Confirm with . or Enter, or press ? or * to list all spells.
You conjure some foxfire!
The foxfire hits the rat.
The rat is severely wounded.
The foxfire hits the rat.
You kill the rat!
You see here a +0 hammer.
Found a hammer.
Found a runed translucent door.
Crazy Yiuf shouts!
Press: ? - help, v - describe, . - travel
Here: Crazy Yiuf, wielding a +4 quarterstaff of chaos, wearing a +1 cloak and carrying a wand of light (9) (fire blocked by a runed translucent door)
The floor.
Unknown command.
You open the door.
Crazy Yiuf screams, "Lay!"
Crazy Yiuf cries, "Dawk senile foot!"
Crazy Yiuf attacks as you move away!
Crazy Yiuf hits you with a +4 quarterstaff of chaos!
You suddenly lose the ability to move!
Crazy Yiuf hits you with a +4 quarterstaff of chaos!
Ouch! That really hurt!
* * * LOW HITPOINT WARNING * * *
You feel drained.
You die...

.......#.#.#
####÷.#.#
##...#.#
##..)#..#
#....####
#....#
♣P.P.♣
♣.)P♣♣ ♣♣@♣♣
♣g♣♣ ♣♣.♣
♣.♣♣ ♣♣.♣
#'# ...
#...# #..)#


You could see Crazy Yiuf.

Vanquished Creatures
  An adder (D:2)
  A worm (D:2)
  An endoplasm (D:1)
  2 giant cockroaches (D:1)
  6 hobgoblins
  4 jackals (D:1)
  4 quokkas
  4 ball pythons
  3 bats
  2 frilled lizards
  3 goblins
  A kobold (D:1)
  4 rats
36 creatures vanquished.

Vanquished Creatures (collateral kills)
  2 foxfires (D:2)
2 creatures vanquished.

Vanquished Creatures (others)
  77 foxfires
  A fungus (D:2)
  4 toadstools (D:1)
82 creatures vanquished.

Grand Total: 120 creatures vanquished

Notes
Turn   | Place    | Note
-------+----------+-------------------------------------------
     0 | D:1      | LustLizard the Hill Orc Fire Elementalist began the quest
                  | for the Orb.
     0 | D:1      | Reached XP level 1. HP: 14/14 MP: 3/3
   265 | D:1      | Reached XP level 2. HP: 9/22 MP: 0/4
  1117 | D:1      | Found Vecib's Distillery.
  1184 | D:1      | Reached XP level 3. HP: 27/27 MP: 2/5
  1534 | D:2      | Noticed Sigmund
  1930 | D:2      | Found a runed translucent door.
  1931 | D:2      | Noticed Crazy Yiuf
  1938 | D:2      | Paralysed by Crazy Yiuf for 2 turns
  1939 | D:2      | HP: 1/27 [Crazy Yiuf/+4 quarterstaff of chaos (14)]
  1939 | D:2      | Slain by Crazy Yiuf

Illustrated notes

Levels and vault maps discovered:
D:1:      ldierk_walled_garden_2, layout_basic, serial_shops,
          nicolae_lakefront_shop
D:2:      minmay_angry_zag, layout_loops_ring, basic_altar,
          roderic_roman_lattice, minmay_misc_feat_enclosed, uniq_terence,
          uniq_crazy_yiuf_cottage, uniq_sigmund

Skill      XL: |  1  2  3 |
---------------+----------+-----
Stealth        | 2 |  2.1
Conjurations   | 2 |  2.1
Fighting       | |  0.9
Dodging        | |  1.5
Spellcasting   | |  1.8
Fire Magic     | |  3.8

Action                   || total
-------------------------++-------
Melee: Dagger            ||    22
       Unarmed           ||     1
       Whip              ||    23
 Cast: Foxfire           ||    48
 Stab: Sleeping          ||     1
Armor: Robe              ||    12
Dodge: Dodged            ||    41
